 Dungeon Crawl Stone Soup version 0.29.1-13-g9f3cf754e1 (webtiles) character file.

Game seed: 17204449105961741603

1036 retardedninja the Magician (level 8, -8/51 HPs)
             Began as a Purple Draconian Conjurer on Jan 19, 2023.
             Was a Follower of Hepliaklqana.
             Mangled by Duvessa
             ... wielding a +0 short sword
              (18 damage)
             ... on level 6 of the Dungeon.
             The game lasted 00:18:18 (9056 turns).

retardedninja the Magician (DrCj)                   Turns: 9056, Time: 00:18:19

Health: -8/51      AC:  6    Str:  8    XL:     8   Next: 4%
Magic:  1/17       EV: 14    Int: 18    God:    Hepliaklqana [*.....]
Gold:   215        SH:  0    Dex: 21    Spells: 16/19 levels left

rFire   + . .      SeeInvis .   i - +8 whip "Dragon's Tongue" {venom, rElec rPois Str-2 Dex+3}
rCold   + . .      Faith    .   (no shield)
rNeg    . . .      Spirit   .   (body armour unavailable)
rPois   +          Reflect  .   (helmet restricted)
rElec   +          Harm     .   (no cloak)
rCorr   .          Rampage  .   (no gloves)
Will    ++...                   (no boots)
Stlth   +++.......              (no amulet)
HPRegen 0.17/turn               e - ring of willpower
MPRegen 0.15/turn               a - ring "Ututoics" {rF+ rC+ Int-3 Dex+9}

@: brilliant, short of breath, flying
A: reduced essence, breathe power, AC +6, unfitting armour, cold-blooded
a: Breathe Dispelling Energy, Renounce Religion, Recall Ancestor, Ancestor
Identity


You were on level 6 of the Dungeon.
You worshipped Hepliaklqana.
Hepliaklqana was aware of your devotion.
You visited 2 branches of the dungeon, and saw 7 of its levels.

You collected 215 gold pieces.

Inventory:

Hand Weapons
 i - the +8 whip "Dragon's Tongue" (weapon) {venom, rElec rPois Str-2 Dex+3}
   (You found it on level 3 of the Dungeon)

   It poisons the flesh of those it strikes.
   Str:       It affects your strength (-2).
   Dex:       It affects your dexterity (+3).
   rElec:     It insulates you from electricity.
   rPois:     It protects you from poison.
Jewellery
 a - the ring "Ututoics" (right hand) {rF+ rC+ Int-3 Dex+9}
   (You found it on level 4 of the Dungeon)

   [ring of protection from fire]

   Int:       It affects your intelligence (-3).
   Dex:       It affects your dexterity (+9).
   rF:        It protects you from fire.
   rC:        It protects you from cold.
 e - a ring of willpower (left hand)
Scrolls
 c - 4 scrolls of identify
 f - 2 scrolls of fear
 g - a scroll of enchant weapon
 k - 2 scrolls of butterflies
 o - a scroll of teleportation
Potions
 b - 2 potions of brilliance
 d - a potion of berserk rage {unknown}
 h - a potion of attraction
 j - a potion of resistance {unknown}
 l - 2 potions of mutation
 m - a potion of curing
 n - a potion of haste {unknown}
 q - a potion of flight


   Skills:
 + Level 4.2 Dodging
 + Level 4.7 Stealth
 * Level 6.3 Spellcasting
 + Level 5.8 Conjurations
 - Level 1.0 Evocations


You had 16 spell levels left.
You knew the following spells:

 Your Spells              Type           Power      Damage    Failure   Level
a - Magic Dart            Conj           100%       1d8       1%          1
b - Searing Ray           Conj           80%        2d7       1%          2

Your spell library contained the following spells:

 Spells                   Type           Power      Damage    Failure   Level
 Dazzling Flash           Conj/Hex       48%        N/A       11%         3
 Sublimation of Blood     Necr           8%         N/A       19%         2
 Wereblood                Tmut           8%         N/A       19%         2
 Ozocubu's Armour         Ice            8%         N/A       34%         3
 Fulminant Prism          Conj/Hex       12%        3d9       34%         4
 Iskenderun's Mystic Bla  Conj/Tloc      24%        2d7       34%         4
 Metabolic Englaciation   Hex/Ice        4%         N/A       97%         5
 Simulacrum               Ice/Necr       4%         N/A       100%        6
 Summon Hydra             Summ           4%         N/A       100%        7


Dungeon Overview and Level Annotations

Branches:
Dungeon (6/15)             Temple (1/1) D:4

Altars:
Ashenzari
Hepliaklqana
Nemelex Xobeh
Uskayaw
Zin

Shops:
D:5 =

Annotations:
D:4 2 runed translucent doors, TheGhostDragon953's ghost, weakling MiBe
D:6 1 runed translucent door, Duvessa


Innate Abilities, Weirdness & Mutations

Your life essence is reduced to manifest your ancestor. (-10% HP)
You can breathe bolts of dispelling energy.
Your rich purple scales are hard. (AC +6)
You cannot fit into any form of body armour.
You are cold-blooded and may be slowed by cold attacks.


Message History

Confirm with . or Enter, or press ? or * to list all spells.
You don't have enough magic to cast this spell.
The magic dart hits Duvessa.
Duvessa is moderately wounded.
Duvessa barely misses you.
Thamphthis hits Duvessa but does no damage.
You don't have enough magic to cast this spell.
You feel clever all of a sudden.
Duvessa hits Thamphthis with a +0 short sword.
A necrophage comes into view.
Thamphthis hits Duvessa.
Duvessa hits Thamphthis with a +0 short sword!
Okay, then.
You hit Duvessa.
Duvessa is poisoned.
Duvessa is moderately wounded.
Duvessa hits you with a +0 short sword!
Thamphthis barely misses Duvessa.
You hit Duvessa but do no damage.
Duvessa looks as sick as possible!
You tail-slap Duvessa, but do no damage.
Duvessa is heavily wounded.
Duvessa hits you with a +0 short sword. Duvessa hits you with a +0 short sword!
Thamphthis completely misses Duvessa.
Okay, then.
You feel better. Duvessa closely misses you.
Thamphthis hits Duvessa.
Duvessa barely misses you.
It was a potion of flight.
You feel very buoyant.
You fly up into the air.
Duvessa hits you with a +0 short sword.
Thamphthis hits Duvessa but does no damage.
Aiming: Breathe Dispelling Energy (4% risk of failure)
Press: ? - help, Shift-Dir - straight line, f/p - Duvessa
Aim: Duvessa, wielding a +0 short sword and wearing a +0 ring mail (heavily wounded, berserk, extremely poisoned, ally target, 65% to hit)
You breathe a bolt of dispelling energy.
The bolt of dispelling energy hits Duvessa!
Duvessa is severely wounded.
The bolt of dispelling energy misses the necrophage.
Duvessa hits you with a +0 short sword!
* * * LOW HITPOINT WARNING * * *
Thamphthis barely misses Duvessa.
Duvessa hits you with a +0 short sword!!
You die...

... #......#
.##.......#......#
...$......#......#
.........'......#
#...[##.#......###
#....##.###......#
#.........'......#
.##.........#......#
.....ne@....#......#
.##..R.######...†..#
#.... #.....##
....... #.....#
.##.... #.....#
#.... #.....# .....
#.....# #.....
'.....#


You could see the friendly Thamphthis the ancestor, Duvessa (berserk, very
poisoned, ally target) and a necrophage.

Vanquished Creatures
  2 phantoms
  2 scorpions
  Dowan (D:6)
  A howler monkey (D:3)
  2 jellies (D:3)
  3 orc priests
  A hound (D:5)
  3 iguanas
  2 orc wizards (D:5)
  6 gnolls
  7 adders
  An ufetubus (D:6)
  3 dart slugs
  12 orcs
  4 ball pythons
  14 endoplasms
  2 giant cockroaches
  11 goblins
  5 hobgoblins
  14 kobolds
  5 quokkas
  4 bats
  7 frilled lizards
  5 rats
117 creatures vanquished.

Vanquished Creatures (collateral kills)
  A water moccasin (D:6)
  An orc priest (D:6)
  3 orcs (D:6)
5 creatures vanquished.

Vanquished Creatures (others)
  3 fungi (D:3)
  8 toadstools (D:3)
11 creatures vanquished.

Grand Total: 133 creatures vanquished

Notes
Turn   | Place    | Note
-------+----------+-------------------------------------------
     0 | D:1      | retardedninja the Draconian Conjurer began the quest for
                  | the Orb.
     0 | D:1      | Reached XP level 1. HP: 14/14 MP: 3/3
     3 | D:1      | Noticed an electric eel
     4 | D:1      | Noticed an electric eel
   241 | D:1      | Reached XP level 2. HP: 19/20 MP: 0/5
   704 | D:1      | Found a faded altar of an unknown god.
   940 | D:1      | Reached XP level 3. HP: 26/26 MP: 3/6
  1134 | D:1      | Learned a level 2 spell: Searing Ray
  2254 | D:2      | You fall into a shaft and drop 2 floors!
  2299 | D:3      | Identified the +8 whip "Dragon's Tongue" {venom, rElec
                  | rPois Str-2 Dex+3}
  2371 | D:3      | Reached XP level 4. HP: 33/33 MP: 1/7
  3538 | D:3      | Reached skill level 3 in Spellcasting
  3538 | D:3      | Reached XP level 5. HP: 30/38 MP: 1/9
  4116 | D:3      | Found a hide-covered altar of Uskayaw.
  4840 | D:3      | Reached XP level 6. HP: 31/45 MP: 4/11
  4843 | D:3      | Reached skill level 5 in Conjurations
  5258 | D:4      | Found a sparkling altar of Nemelex Xobeh.
  5360 | D:4      | Found a staircase to the Ecumenical Temple.
  5381 | Temple   | Entered the Ecumenical Temple
  5409 | Temple   | Became a worshipper of Hepliaklqana the Forgotten
  5477 | D:4      | Identified the ring "Ututoics" {rF+ rC+ Int-3 Dex+9}
  5777 | D:4      | Found a large runed translucent door.
  5777 | D:4      | Found a large runed translucent door.
  5779 | D:4      | Noticed TheGhostDragon953's ghost (weakling MiBe)
  6117 | D:4      | Reached skill level 4 in Spellcasting
  6297 | D:5      | Entered Level 5 of the Dungeon
  6711 | D:5      | Found Pyskierch's Jewellery Emporium.
  6763 | D:5      | Your scales start taking on a rich purple colour.
  6763 | D:5      | Reached skill level 5 in Spellcasting
  6763 | D:5      | Reached skill level 1 in Evocations
  6763 | D:5      | Reached XP level 7. HP: 46/50 MP: 8/14
  8113 | D:5      | Reached * piety under Hepliaklqana
  8313 | D:6      | Noticed Duvessa
  8313 | D:6      | Noticed Dowan
  8549 | D:6      | Found a runed translucent door.
  8920 | D:6      | Killed Dowan
  8922 | D:6      | Reached skill level 6 in Spellcasting
  9039 | D:6      | Reached XP level 8. HP: 43/51 MP: 7/17
  9056 | D:6      | Mangled by Duvessa

Illustrated notes

Levels and vault maps discovered:
D:1:      arrival_aquarium_b, layout_rooms, basic_ecumenical_altar
D:2:      layout_basic, minmay_goblin_outpost
D:3:      cheibrodos_fertilizer, layout_basic, nicolae_uskayaw_dance_hall
D:4:      layout_cave_pods, nemelex_dance_club_becter,
          minmay_temple_entry_drinking_statues, ebering_ghost_disaster_area
D:5:      layout_loops_ring, serial_shops, kennysheep_mini
D:6:      layout_gridville, gammafunk_ghost_grave, uniq_duvessa
Temple:   nicolae_temple_slightly_damp_pantheon

Skill      XL: |  1  2  3  4  5  6  7 |
---------------+----------------------+-----
Stealth        | 2 3 4 |  4.7
Dodging        | 2 3 4 |  4.2
Spellcasting   | 3 5 6 |  6.3
Conjurations   | 5 |  5.8
Evocations     | 1 |  1.0

Action                   |  1- 3 |  4- 6 |  7- 9 || total
-------------------------+-------+-------+-------++-------
Melee: Unarmed           |     4 |       |       ||     4
       Tailslap          |     5 |     3 |     5 ||    13
       Short sword       |    10 |       |       ||    10
       Whip              |       |    44 |    18 ||    62
       Punch             |       |       |     1 ||     1
 Cast: Magic Dart        |    73 |    92 |    34 ||   199
       Searing Ray       |     3 |    15 |    22 ||    40
 Abil: Breathe Dispellin |       |       |     2 ||     2
  Use: Scroll            |     4 |    12 |       ||    16
       Potion            |       |     2 |     4 ||     6
 Stab: Sleeping          |       |       |     2 ||     2
Armor: Skin              |     6 |    20 |     7 ||    33
Dodge: Dodged            |    28 |    57 |    28 ||   113
